Cogmind - Beta 15 @@@ ROGUE MODE // 2025.07.06 @ 11:44:46 Player: winnking222 Result: Destroyed by DAS Turret with DAS Cannon Performance ------------- Evolutions (1) 500 Regions Visited (5) 1000 Robots Destroyed (39) 195 Value Destroyed (783) 783 Prototype IDs (34) 680 Alien Tech Used (0) 0 Bonus (465) 465 TOTAL SCORE: 3623 Bonus ------- Follower Combat Kills 165 Aligned with FarCom 300 Cogmind --------- Core Integrity 0/400 Matter 201/300 Energy 100/100 System Corruption 1% Temperature Warm (154) Movement Walking (120) Location -9/Exiles Parts ------- > --- POWER (1) -------- (None) > --- PROPULSION (3) --- Advanced Myomer Leg > --- UTILITY (2) ------ Large Storage Unit > --- WEAPON (3) ------- Advanced Beam Rifle Advanced Beam Rifle > --- INVENTORY (15) --- High-capacity Matter Pod (200) Seismic Detector Experimental Targeting Computer Plasma Cutter Peak State ------------ > --- POWER ------------ Improved Ion Engine > --- PROPULSION ------- Light Treads Advanced Myomer Leg > --- UTILITY ---------- Improved Heat Sink Large Storage Unit > --- WEAPON ----------- Advanced Beam Rifle Improved Assault Rifle Improved Assault Rifle > --- INVENTORY -------- High-capacity Matter Pod Seismic Detector Experimental Targeting Computer Advanced Beam Rifle Advanced Beam Rifle Improved Assault Rifle Rocket Launcher Plasma Cutter [Rating: 27] Favorites ----------- Power Improved Ion Engine Engine Improved Ion Engine Power Core Light Nuclear Core Propulsion Improved Treads Treads Improved Treads Leg Advanced Myomer Leg Flight Unit Improved Flight Unit Utility Large Storage Unit Device Improved Heat Sink Storage Large Storage Unit Protection Hardened Light Armor Plating Weapon Assault Rifle Energy Gun Advanced Beam Rifle Energy Cannon Latent Energy Streamer Ballistic Gun Assault Rifle Ballistic Cannon Bore Cannon Launcher Rocket Launcher Build | -11 -10 -10 -9 -9 -9 ------- Run | Yrd Mat Min Mat Min Exi Slots Evolved 2 | . . . 2 . . Power . | . . . . . . Propulsion 1 | . . . 1 . . Utility . | . . . . . . Weapon 1 | . . . 1 . . Parts Attached 48 | 7 5 1 23 1 11 Power 5 | 1 1 . 2 . 1 Engine 4 | 1 . . 2 . 1 Core 1 | . 1 . . . . Reactor . | . . . . . . Propulsion 11 | 2 1 . 7 . 1 Treads 9 | 2 1 . 6 . . Leg 1 | . . . . . 1 Wheel . | . . . . . . Hover . | . . . . . . Flight 1 | . . . 1 . . Utility 12 | 2 2 1 2 . 5 Device 6 | 1 1 1 . . 3 Storage 4 | 1 1 . 1 . 1 Processor . | . . . . . . Hackware . | . . . . . . Protection 2 | . . . 1 . 1 Artifact . | . . . . . . Weapon 20 | 2 1 . 12 1 4 Energy Gun 8 | . 1 . 6 . 1 Energy Cannon 1 | . . . . . 1 Ballistic Gun 9 | 2 . . 5 1 1 Ballistic Cannon 1 | . . . 1 . . Launcher 1 | . . . . . 1 Special Weapon . | . . . . . . Impact Weapon . | . . . . . . Slashing Weapon . | . . . . . . Piercing Weapon . | . . . . . . Special Melee Weapon . | . . . . . . Unidentified Prototypes 6 | . . . 3 . 3 Parts Lost 17 | . 3 1 . . 13 Power 3 | . 1 . . . 2 Propulsion 5 | . 1 . . . 4 Utility 3 | . 1 . . . 2 Weapon 6 | . . 1 . . 5 Highest Loss Streak 8 | . 2 1 . . 8 To Critical Strikes 3 | . . . . . 3 Average Backups 12 | 3 8 13 13 14 13 Power 1 | . 1 2 1 1 1 Propulsion 1 | 1 1 4 2 2 1 Utility 3 | . 2 3 4 4 3 Weapon 4 | 1 2 4 4 5 5 Tool/Special . | . . . . . . Unused Backups 19 | . 1 . 7 . 11 Power 6 | . 1 . 2 . 3 Propulsion 3 | . . . 2 . 1 Utility 6 | . . . 1 . 5 Weapon 3 | . . . 2 . 1 Tool/Special 1 | . . . . . 1 Average Slot Usage (%) 87 | . 92 100 99 100 72 Engine 8 | . 7 . 5 11 10 Core 3 | . 5 14 5 . . Treads 29 | . 21 28 32 33 31 Device 9 | . 13 14 10 11 4 Storage 11 | . 14 14 11 11 11 Protection 2 | . . . . . 5 Energy Gun 6 | . 6 14 13 11 . Energy Cannon 1 | . . . . . 2 Ballistic Gun 13 | . 21 14 18 22 4 Peak Build Rating 27 | 7 10 13 26 25 27 Average Rating 16 | 5 8 11 21 24 18 On Entrance 13 | . 7 10 12 25 25 Naked Turns . | . . . . . . Heaviest Build 42 | 15 30 30 39 36 42 Greatest Support 69 | 40 40 40 69 69 69 Greatest Overweight (x) 3 | 3 1 . . . 1 Average Overweight (x) . | . . . . . . Largest Inventory Capacity 15 | 8 15 15 15 15 15 Average Capacity 14 | 7 14 15 15 15 15 Most Carried 15 | 5 15 15 15 15 15 Average Carried 12 | 3 8 14 14 14 14 Final Capacity 15 | 8 15 15 15 15 15 Final Carried 15 | 4 15 14 15 15 4 Class Distribution -------------------- 65% | Mutant 26% | Gunner 5% | Scavenger-Gunner Dominant Class ---------------- Mutant | -10/Materials Mutant | -10/Mines Gunner | -9/Materials Gunner | -9/Mines Mutant | -9/Exiles Resources | -11 -10 -10 -9 -9 -9 ----------- Run | Yrd Mat Min Mat Min Exi Matter Collected 1909 | 300 616 53 504 24 412 Remotely . | . . . . . . Salvage Created 1297 | 96 677 32 336 34 122 Parts 109 | 16 52 3 25 7 6 Haulers Intercepted 5 | . 2 . 3 . . Recyclers Shooed . | . . . . . . Parts Field Recycled . | . . . . . . Retrieved Matter . | . . . . . . Parts Self-Destructed . | . . . . . . Prevented . | . . . . . . Kills | -11 -10 -10 -9 -9 -9 ------- Run | Yrd Mat Min Mat Min Exi Combat Hostiles Destroyed 27 | . 12 2 5 3 5 Guns 24 | . 12 2 4 3 3 Cannons 1 | . . . 1 . . AOE 2 | . . . . . 2 Classes Destroyed 9 | 1 5 1 1 . 1 Worker 1 | . 1 . . . . Builder 2 | . 2 . . . . Tunneler 5 | 5 . . . . . Hauler 5 | . 2 . 3 . . Watcher 3 | . 2 . 1 . . Swarmer 6 | . . 2 1 3 . Grunt 14 | . 12 . 2 . . Sentry 2 | . . . 2 . . Assembled 4 | . . . . . 4 Best Kill Streak 4 | 3 3 2 1 3 4 Combat Bots Only 4 | . 3 2 1 3 4 Max Kills in Single Turn 2 | 1 2 1 1 2 2 Gunslinging 1 | . 1 . . 1 . Exploded 2 | . . . . . 2 Melee . | . . . . . . Uniques/NPCs Destroyed 1 | . . . . . 1 8R-AWN (-9/Exiles) Combat | -11 -10 -10 -9 -9 -9 -------- Run | Yrd Mat Min Mat Min Exi Hostile Shots Fired 214 | . 76 18 11 12 97 Missed 46 | . 18 3 4 5 16 Hits 168 | . 58 15 7 7 81 Melee 1 | . . . . . 1 Projectile 167 | . 58 15 7 7 80 Critical Strikes 36 | . 1 . 1 . 34 Damage Taken 3175 | . 751 116 89 53 2166 Core 642 | . 191 40 . 8 403 Absorbed by Shields . | . . . . . . Core Remaining (%) 53 | 100 . 7 . . . Volleys Fired 170 | 7 75 6 28 4 50 Largest 3 | 2 2 2 3 3 3 Hottest 145 | 40 70 70 145 107 122 Shots Fired 401 | 14 150 12 84 12 129 Gun 386 | 14 150 12 75 12 123 Cannon 9 | . . . 9 . . Launcher 6 | . . . . . 6 Special . | . . . . . . Kinetic 323 | 14 124 6 60 8 111 Thermal 72 | . 26 6 24 4 12 Explosive 6 | . . . . . 6 Electromagnetic . | . . . . . . Robot Hit Streak 26 | 5 15 1 7 4 26 Robot Miss Streak 5 | 1 4 4 5 2 5 Penetration Max . | . . . . . . Secondary Targets 2 | . 1 . . 1 . Max Gunslinging Chain 1 | . 1 . . 1 . Shots Hit Robots 235 | 9 87 3 40 6 90 Core Hits 89 | 5 34 2 16 3 29 Critical Kills . | . . . . . . Critical Parts Destroyed 1 | . . . 1 . . Critical Strikes 5 | . 1 . 3 . 1 Burn 4 | . 1 . 2 . 1 Destroy 1 | . . . 1 . . Melee Attacks . | . . . . . . Impact . | . . . . . . Slashing . | . . . . . . Piercing . | . . . . . . Sneak Attacks . | . . . . . . Combat Hostiles . | . . . . . . Follow-up Attacks . | . . . . . . Damage Inflicted 3587 | 111 1154 36 645 109 1532 Guns 3308 | 111 1147 36 568 109 1337 Cannons 70 | . . . 70 . . Explosions 195 | . . . . . 195 Melee . | . . . . . . Ramming 14 | . 7 . 7 . . Kinetic 2757 | 111 949 10 461 29 1197 Thermal 621 | . 198 26 177 80 140 Explosive 195 | . . . . . 195 Electromagnetic . | . . . . . . Impact . | . . . . . . Slashing . | . . . . . . Piercing . | . . . . . . Highest Corruption 2 | . 2 2 1 1 1 Average Corruption 1 | . 2 2 1 1 1 Corruption Purged . | . . . . . . Corruption Blocked . | . . . . . . Effects 50 | . 18 10 6 1 15 Message Errors 13 | . 3 3 3 1 3 Matter Fused 8 | . 1 3 2 . 2 Heat Flow Errors 8 | . 3 3 . . 2 Energy Discharges 4 | . 2 1 . . 1 Data Loss (minor) 10 | . 4 . 1 . 5 Data Loss (major) 3 | . 3 . . . . Misfires 2 | . 1 . . . 1 Alerts 1 | . . . . . 1 Weapon Failures 1 | . 1 . . . . Overload Shots . | . . . . . . Overflow Damage . | . . . . . . Projectiles . | . . . . . . Explosions . | . . . . . . Melee . | . . . . . . Knockbacks . | . . . . . . Impact . | . . . . . . Kinetic . | . . . . . . Secondary . | . . . . . . Self-Inflicted Damage 33 | . . . . . 33 Shots 1 | . . . . . 1 Rammed 3 | . 2 . 1 . . Targets Rammed 3 | . 2 . 1 . . Kicked . | . . . . . . Crushed . | . . . . . . Highest Temperature 282 | . 267 246 36 . 282 Average Temperature 77 | . 72 92 12 . 90 Received Heat Transfer 492 | . 438 . 54 . . Siege Activations . | . . . . . . Martial Activations . | . . . . . . Shielding Activations . | . . . . . . Robots Disrupted . | . . . . . . Combat Hostiles . | . . . . . . Robots Corrupted . | . . . . . . Combat Hostiles . | . . . . . . Parts Fried . | . . . . . . Impact Corruptions . | . . . . . . Robots Melted . | . . . . . . Combat Hostiles . | . . . . . . Parts Melted 1 | . . 1 . . . Heat Transferred 1739 | . 666 74 518 148 333 Parts Sabotaged . | . . . . . . Parts Stolen . | . . . . . . Parts Stripped . | . . . . . . Power Chain Reactions . | . . . . . . Alert | -11 -10 -10 -9 -9 -9 ------- Run | Yrd Mat Min Mat Min Exi Maximum Alert Level . | . . . . . . Low Security (%) 100 | 100 100 100 100 100 . Level 1 . | . . . . . . Level 2 . | . . . . . . Level 3 . | . . . . . . Level 4 . | . . . . . . Level 5 . | . . . . . . High Security . | . . . . . . Max Security . | . . . . . . Peak Influence 88 | 15 73 88 88 74 . Initial 31 | . . . 31 19 . Average 16 | 2 17 4 23 13 . Influence Increases 997 | 25 380 96 422 74 . Destroy 0b10 Robot/C 580 | . 240 60 220 60 . Destroy 0b10 Robot/NC 90 | 25 35 . 30 . . Destroy Leader 180 | . 68 10 92 10 . Allied During Kill 48 | . . 11 33 4 . Successful Hack 34 | . 6 . 28 . . Destroy Structure 5 | . 1 . 4 . . Lose Combat Pursuer 60 | . 30 15 15 . . Influence Decreases 997 | 25 380 16 450 126 . Entered New Map 82 | . . . 49 33 . Time Decay 855 | 25 340 16 381 93 . Lost Part 20 | . 20 . . . . Lost Ally 20 | . . . 20 . . Purge Threat 20 | . 20 . . . . Squads Dispatched 7 | . 3 . 4 . . Investigation 3 | . 2 . 1 . . Extermination . | . . . . . . Reinforcement 4 | . 1 . 3 . . Assault . | . . . . . . Garrison . | . . . . . . Intercept . | . . . . . . Searches Triggered . | . . . . . . Construction Impeded . | . . . . . . Haulers Reinforced . | . . . . . . Active Scanning Responses . | . . . . . . Cargo Convoy Interrupts . | . . . . . . Stealth | -11 -10 -10 -9 -9 -9 --------- Run | Yrd Mat Min Mat Min Exi Distress Signals 1 | . . . 1 . . Communications Jammed . | . . . . . . Distress Signals . | . . . . . . Times Spotted 49 | . 18 4 15 3 9 Peak Tracking Total 11 | . 3 3 3 3 11 Tactical Retreats 5 | . 2 1 1 . 1 Traps | -11 -10 -10 -9 -9 -9 ------- Run | Yrd Mat Min Mat Min Exi Traps Triggered 3 | . 2 . 1 . . Indirectly . | . . . . . . Trap Hack Attempts . | . . . . . . Triggered . | . . . . . . Disarmed . | . . . . . . Reprogrammed . | . . . . . . Reused . | . . . . . . Traps Extracted . | . . . . . . Installed . | . . . . . . Triggered . | . . . . . . Machines | -11 -10 -10 -9 -9 -9 ---------- Run | Yrd Mat Min Mat Min Exi Machines Disabled 6 | . . . . . 6 Max in Single Turn 1 | . . . . . 1 Machines Repaired . | . . . . . . Machines Dismantled . | . . . . . . Machines Sabotaged . | . . . . . . Overloaded Fab Kills . | . . . . . . Hacking | -11 -10 -10 -9 -9 -9 --------- Run | Yrd Mat Min Mat Min Exi Machines Accessed 9 | . 3 . 4 . 2 Terminals 7 | . 3 . 4 . . Fabricators . | . . . . . . Repair Stations . | . . . . . . Recycling Units . | . . . . . . Scanalyzers . | . . . . . . Garrison Access . | . . . . . . Total Hacks 43 | . 8 . 12 . 23 Successful 32 | . 2 . 7 . 23 Failed 11 | . 6 . 5 . . Catastrophic 3 | . 3 . . . . Database Lockouts . | . . . . . . Manual 7 | . 6 . . . 1 Terminals 20 | . 8 . 12 . . Fabricators . | . . . . . . Repair Stations . | . . . . . . Recycling Units . | . . . . . . Scanalyzers . | . . . . . . Garrison Access . | . . . . . . Terminal Hacks 32 | . 2 . 7 . 23 Record 22 | . . . . . 22 Prototype ID Bank 2 | . . . 2 . . Alert Level 1 | . . . 1 . . Unreport Threat 1 | . 1 . . . . Locate Traps 1 | . . . 1 . . Hauler Manifests 2 | . 1 . 1 . . Registered Prototypes 1 | . . . 1 . . Zone Layout 1 | . . . 1 . . Proto ID Catalog 1 | . . . . . 1 Fabricator Hacks . | . . . . . . Repair Station Hacks . | . . . . . . Recycling Unit Hacks . | . . . . . . Scanalyzer . | . . . . . . Garrison Access Hacks . | . . . . . . Unauthorized Hacks . | . . . . . . Terminals . | . . . . . . Fabricators . | . . . . . . Repair Stations . | . . . . . . Recycling Units . | . . . . . . Scanalyzers . | . . . . . . Garrison Access . | . . . . . . Data Cores Recovered . | . . . . . . Used . | . . . . . . Hacking Detections 6 | . 3 . 3 . . Full Trace Events 3 | . 2 . 1 . . Feedback Events 1 | . . . 1 . . Corruption 1 | . . . 1 . . Feedback Blocked . | . . . . . . Robot Schematics Acquired . | . . . . . . Robots Built . | . . . . . . Authchips . | . . . . . . Time . | . . . . . . Total Robot Build Rating . | . . . . . . Part Schematics Acquired . | . . . . . . Parts Built . | . . . . . . Authchips . | . . . . . . Time . | . . . . . . Total Part Build Rating . | . . . . . . Parts Repaired . | . . . . . . Time . | . . . . . . Parts Recycled . | . . . . . . Recycled Matter . | . . . . . . Retrieved Matter . | . . . . . . Retrieved Components . | . . . . . . Parts Scanalyzed . | . . . . . . Part Schematics Acquired . | . . . . . . Parts Damaged . | . . . . . . Bothacking | -11 -10 -10 -9 -9 -9 ------------ Run | Yrd Mat Min Mat Min Exi Used RIF Installer . | . . . . . . Robots Hacked . | . . . . . . Non-combat . | . . . . . . Combat . | . . . . . . Robot Hacks Applied . | . . . . . . Relay Couplers Released . | . . . . . . Fabnet Peak Effective % . | . . . . . . Robots Rewired . | . . . . . . Allies Hacked . | . . . . . . Hacks Repelled . | . . . . . . Allies | -11 -10 -10 -9 -9 -9 -------- Run | Yrd Mat Min Mat Min Exi Total Allies 4 | . . 3 . 1 . Largest Group 3 | . . 3 3 2 2 Highest-Rated Group 47 | . . 40 40 47 47 Highest-Rated Ally 31 | . . 16 16 31 31 Total Orders 1 | . . . . . 1 STAY 1 | . . . . . 1 Ally Attacks 55 | . . 8 44 . 3 Total Damage 522 | . . 94 427 . 1 Kills 9 | . . 1 8 . . Allies Corrupted . | . . . . . . Allies Melted . | . . . . . . Intel | -11 -10 -10 -9 -9 -9 ------- Run | Yrd Mat Min Mat Min Exi Active Infowar (turns) 824 | 44 780 . . . . Seismic 824 | 44 780 . . . . Robot Analysis Total . | . . . . . . Derelict Logs Recovered 2 | . . 2 . . . Drone Launches . | . . . . . . Drone Recoveries . | . . . . . . Exploration | -11 -10 -10 -9 -9 -9 ------------- Run | Yrd Mat Min Mat Min Exi Turns Passed 6829 | 193 1501 585 1508 436 2606 Spaces Moved 3492 | 107 616 325 838 246 1360 Core 19 | 19 . . . . . Treads 3428 | 88 616 325 838 246 1315 Legs 45 | . . . . . 45 Wheels . | . . . . . . Hover . | . . . . . . Flight . | . . . . . . Fastest Speed 50 | 50 160 160 160 160 120 Average Speed 164 | 146 187 160 160 160 161 Slowest Speed 240 | 200 240 160 160 160 240 Overloaded Moves . | . . . . . . Propulsion Burnouts . | . . . . . . Robots Hopped . | . . . . . . Potential Cave-ins . | . . . . . . Cave-ins Triggered . | . . . . . . Exploration Rate (%) 63 | 4 93 67 67 55 92 Regions Visited 5 Branch Regions 3 Pre-discovered Areas 1 | . . . . . 1 Known Exits Taken . | . . . . . . Unknown Exits Taken 5 | 1 1 1 1 1 . Scrap Searched 1 | . . 1 . . . Spaces Dug . | . . . . . . Terrain Destroyed 30 | . . . 4 . 26 Melee . | . . . . . . Projectile 4 | . . . 4 . . AOE 26 | . . . . . 26 Terrain Rammed . | . . . . . . Walls Destroyed . | . . . . . . Machines Disabled . | . . . . . . Actions | -11 -10 -10 -9 -9 -9 --------- Run | Yrd Mat Min Mat Min Exi Total 4222 | 129 811 378 950 280 1674 Wait 390 | . 97 44 10 28 211 Move 3487 | 106 615 324 837 245 1360 Hop . | . . . . . . Pick Up 58 | 9 15 1 18 1 14 Fast Attach 13 | 2 . . 8 . 3 Attach 28 | 5 3 1 6 . 13 Detach . | . . . . . . Swap 22 | . 2 1 14 1 4 Drop 51 | . 2 1 28 1 19 Fire 170 | 7 75 6 28 4 50 Melee . | . . . . . . Ram . | . . . . . . Kick . | . . . . . . Crush 3 | . 2 . 1 . . Escape Stasis . | . . . . . . Rewire . | . . . . . . Trap . | . . . . . . Miscellaneous . | . . . . . . Route ------- -11/Scrapyard -10/Materials (discovered 5 exits: *Mat x3 / [*Min x2]) -10/Mines (discovered 2 exits: *Mat x2) -9/Materials (discovered 5 exits: *Mat x2 / [*Min] / *Sto x2) -9/Mines (discovered 3 exits: *Mat / *Exi / [*Zio]) -9/Exiles (discovered 2 exits: [*Min x2]) History --------- Turn | Location | Event 5 | -11/Scrapyard | Discovered new exit (range 15) 194 | -11/Scrapyard | Entered Materials 237 | -10/Materials | Discovered new exit (range 13) 311 | -10/Materials | Build established: Mutant 620 | -10/Materials | Discovered new exit (range 11) 740 | -10/Materials | Discovered new exit (range 16) 1039 | -10/Materials | Core integrity fell below 50% 1159 | -10/Materials | Discovered new exit (range 12) 1429 | -10/Materials | Discovered new exit (range 16) 1695 | -10/Materials | Entered Mines 1717 | -10/Mines | Met a Derelict bent on vengeance 1723 | -10/Mines | Discovered new exit (range 15) 1806 | -10/Mines | Discovered new exit (range 14) 1987 | -10/Mines | Learned 2 Materials zone layouts 2003 | -10/Mines | A weapon hastily lodged in a ceiling crevice suddenly fell to the ground 2074 | -10/Mines | Assembled infested the area 2135 | -10/Mines | Assisted by bots powering up and referring to "LRC-V3" 2235 | -10/Mines | Core integrity fell below 20% 2280 | -10/Mines | Entered Materials 2280 | -9/Materials | Accompanied by 3 allies 2280 | -9/Materials | Evolved 2 slots: Propulsion x1, Weapon x1 2281 | -9/Materials | Identified exit to Storage 2282 | -9/Materials | Identified exit to Materials 2690 | -9/Materials | Build established: Scavenger-Gunner 3062 | -9/Materials | Build established: Gunner 3255 | -9/Materials | Discovered exit to Materials (range 11) 3652 | -9/Materials | Discovered new exit (range 13) 3762 | -9/Materials | Discovered exit to Storage (range 5) 3788 | -9/Materials | Entered Mines 3788 | -9/Mines | Accompanied by 1 ally 4005 | -9/Mines | Found a damaged Exp. Sensor Array with a note attached 4010 | -9/Mines | Found Prototype Device 4034 | -9/Mines | Received a Rocket Launcher from a helpful Derelict 4049 | -9/Mines | A Derelict revealed a hidden shortcut to a safe place 4079 | -9/Mines | Deemed a non-threat by the Exiles lab entrance 4079 | -9/Mines | Discovered new exit (range 5) 4135 | -9/Mines | Discovered exit to Materials (range 6) 4139 | -9/Mines | Received a Mining Laser from a helpful Derelict 4224 | -9/Mines | Entered Exiles 4224 | -9/Exiles | Accompanied by 2 allies 4268 | -9/Exiles | Met 8R-AWN 4290 | -9/Exiles | Met EX-HEX 4344 | -9/Exiles | Met EX-BIN 4463 | -9/Exiles | Met EX-DEC 4469 | -9/Exiles | Learned location of Zion (-7) 4519 | -9/Exiles | Aligned with FarCom system 4520 | -9/Exiles | Given EX-Vault access code 4557 | -9/Exiles | Opened EX-Vault 4578 | -9/Exiles | Build established: Mutant 4578 | -9/Exiles | Found Latent Energy Streamer 4657 | -9/Exiles | Warned to stay clear of 0b10 Research branches 4993 | -9/Exiles | Visited The Gauntlet 5788 | -9/Exiles | Discovered new exit (range 11) 5983 | -9/Exiles | Discovered new exit (range 15) 6482 | -9/Exiles | Attacked by the Exiles 6625 | -9/Exiles | Core integrity fell below 50% 6649 | -9/Exiles | Lost 3 parts (1p2n) 6659 | -9/Exiles | Destroyed 8R-AWN 6682 | -9/Exiles | Found Prototype Device 6683 | -9/Exiles | Identified AS-neutralizer No. 17b 6691 | -9/Exiles | Found Prototype Processor 6822 | -9/Exiles | Core integrity fell below 20% 6830 | -9/Exiles | Destroyed by DAS Turret with DAS Cannon Last Messages --------------- 06769_ Acquired 3 matter. 06775_ Machine disabled. 06778_ Knocked back. 06780_ Imp. Heat Sink destroyed. 06780_ Knocked back. 06784_ The unstable cave ceiling collapses. 06784_ EX-Message Board disabled. 06786_ Adv. Beam Rifle destroyed. 06786_ Critical hit (Blast). 06796_ Rocket Launcher destroyed. 06804_ Knocked back. 06808_ Imp. Assault Rifle destroyed. 06808_ Lgt. Treads destroyed. 06810_ Imp. Assault Rifle destroyed. 06810_ Knocked back. 06817_ Imp. Assault Rifle destroyed. 06821_ Knocked back. 06822_ Acquired 3 matter. 06829_ DAS Turret suffers critical hit (Burn). 06830_ Imp. Ion Engine destroyed. Map ----- +----------------------------------------------------+ | ?????????????????????????????????????#""X" | | ?????????????????????????????????????#" | | ?????????????????????????????????????#" ## | | ?????????????????????????????????????#""""""?# | | ?????????????????????????????????????##"###??# | | ?????????????????????????????????????????????# | | ?????????????????????????????????????????????# | | ????????????????????????????????????????????## | | ????????????#######?????????????????????????#" | | ######??????#!!! "#?????????????????????????#" | | #""##?????# "#?????????????????????????#" | | #?????# #?????????????????????????#" | | ##???## "#??????????########???????#" | | #####" ""#??????????# """#???????#" | | ##" ""#??????????#"" """#???????## | | # #????????????#"" #????????# | | ## ##???????????#"" #????????#" | | ##### ####????????#"" "#????????#" | | ????### % ##???????# ""#????????#" | | ######" % # #???????#"" ""#???????##" | | !! " !! # ##??????### ###??????##"" | | *!### #;###???### ###?######"" | | ["#?## ##### # #"###""""""" | | * ##??# % """""" " "" | | ! "" "###???#"# % % % "" """ " | | "###"###?????#### @%%% " | | ### ##??????????### % % | | ?# #??????????????# # | | # #???????????????### | | #??????????????????### | | #????????????????????# | | ?????????????????????# """""" | | ?????????????????????## ######"" | | ?????????????????????? ""##????### | | ?????????????????????# """##???????? | | ?????????????????????# """##????????? | | ?????????????????????# " ""#?????????? | | ?????????????????????# ########??## | | ????????????????????? ## ####" | | ????????????????????? """" | | ?????????????????????## t | | ??????????????????????# | | ??????????????????????# | | ???????????????????????#" " | | ???????????????????????#"""" ""## # | | ???????????????????????#"" ""#### # | | ???????????????????????#" """"##??# # | | ???????????????????????#""" """#??## # | | ???????????????????????## ""##??#! | | ????????????????????????#"" """##???#" | +----------------------------------------------------+ Best States ------------- Heat Dissipation 42 Energy Generation 14 Energy Capacity 265 Matter Stores 300 Matter Capacity 300 Sight Range 16 Terrain Scan Density 10 Armor Coverage 150 Evasion (%) 50 Recoil Reduction 3 Item Schematics ----------------- None Robot Schematics ------------------ None Fabricated ------------ Nothing Repaired ---------- Nothing Alien Tech Used ----------------- None Achievements -------------- None Challenges ------------ None Game ------ Seed ReactionCloakingJammer Manual? 0 Play Time 00:43:46 Cumulative 80.3 hours Start 2025.07.05 @ 14:50:41 End 2025.07.06 @ 11:44:46 Sessions 3 Manual Loads 0 Difficulty Rogue Special Mode None Game No. 141 Rogue 141 Adventurer 0 Explorer 0 Win Type - Total 1 Types 1/0/0/0/0/0/0/0/0/0 Lore% 57 Gallery% 48 Achievement% 41 Wizard Run 0 Options --------- Layout 0 ASCII 0 Keyboard 0 Movement Mouse Keybinds 0 Fullscreen 1 Font 16/SmallcapsGlow Map View 75x55 Zoom Use 0% Tactical HUD 1 Map Filters NONE Filters NONE Steam 1 RUN: 5e94e9b6-aeb4-4bba-bc4b-d7f1051b4f80